 Dungeon Crawl Stone Soup version 0.24.0-5-g267a8d59f4 (webtiles) character file.

Game seed: 5507731438968083128, levelgen mode: deterministic

478 wullow the Sneak (level 7, -6/55 HPs)
             Began as a Naga Wanderer on Nov 1, 2019.
             Was a Follower of Hepliaklqana.
             Shot with an arrow by a centaur (8 damage)
             ... on level 5 of the Dungeon.
             The game lasted 00:15:27 (4280 turns).

wullow the Sneak (Naga Wanderer)                    Turns: 4280, Time: 00:15:28

Health: -6/55      AC:  6    Str: 20    XL:     7   Next: 11%
Magic:  11/11      EV:  6    Int: 11    God:    Hepliaklqana [*.....]
Gold:   213        SH:  7    Dex:  8    Spells: 11/12 levels left

rFire    + . .     SeeInvis +   b - +0 hand crossbow
rCold    . . .     Gourm    .   A - +0 shield
rNeg     . . .     Faith    .   e - +0 robe
rPois    +         Spirit   .   t - +0 helmet
rElec    .         Reflect  .   z - +0 cloak
rCorr    .         Harm     .   u - +0 pair of gloves
MR       .....                  (no barding)
Stlth    ++........             (no amulet)
HPRegen  0.18/turn              (no ring)
MPRegen  0.12/turn              B - ring of protection from fire

@: very slow
A: large, reduced essence, see invisible, deformed body, poison resistance,
slowness 2, slow metabolism 1, spit poison 1, AC +2
a: Spit Poison, Recall Ancestor, Ancestor Identity, Renounce Religion


You were on level 5 of the Dungeon.
You worshipped Hepliaklqana.
Hepliaklqana was aware of your devotion.
You were not hungry.

You visited 1 branch of the dungeon, and saw 5 of its levels.

You collected 213 gold pieces.

Inventory:

Hand Weapons
 a - a +2 spear
 b - a +0 hand crossbow (weapon)
 x - a +0 short sword
Missiles
 c - 17 bolts (quivered)
 h - 13 poisoned darts
 r - 33 stones
Armour
 e - a +0 robe (worn)
 t - a +0 helmet (worn)
 u - a +0 pair of gloves (worn)
 z - a +0 cloak (worn)
 A - a +0 shield (worn)
Jewellery
 B - a ring of protection from fire (right hand)
Wands
 D - a wand of scattershot (6)
Scrolls
 j - 2 scrolls of identify
 l - a scroll of enchant weapon {unknown}
 p - a scroll of teleportation {unknown}
 q - a scroll of blinking {unknown}
 s - a scroll of fear {unknown}
 C - 2 scrolls of amnesia {unknown}
Potions
 d - a potion of haste
 g - a potion of flight {unknown}
 i - 2 potions of berserk rage {unknown}
 k - 5 potions of curing {unknown}
 n - a potion of mutation {unknown}
 o - a potion of agility {unknown}
 v - a potion of degeneration {unknown}
Comestibles
 f - 8 rations


   Skills:
 + Level 3.5 Fighting
 + Level 2.7 Crossbows
 - Level 1.7 Throwing
 - Level 1.0 Armour
 + Level 4.3 Stealth
 * Level 1.2 Shields
 - Level 3.0 Spellcasting
   Level 1.0 Transmutations
 + Level 2.5 Earth Magic
   Level 4.0 Poison Magic


You had 11 spell levels left.
You knew the following spells:

 Your Spells              Type           Power        Failure   Level  Hunger
a - Sandblast             Erth           #.....       45%         1    #......

Your spell library contained the following spells:

 Spells                   Type           Power        Failure   Level  Hunger
 Magic Dart               Conj           #...         80%         1    #......
 Blink                    Tloc           N/A          91%         2    ###....
 Call Imp                 Summ           #.......     91%         2    ###....
 Slow                     Hex            #.......     91%         2    ###....
 Mephitic Cloud           Conj/Pois/Air  #.......     94%         3    ###....
 Stone Arrow              Conj/Erth      #.....       94%         3    ###....
 Conjure Flame            Conj/Fire      #.......     99%         3    ###....


Dungeon Overview and Level Annotations

Branches:
Dungeon (5/15)
 Temple: D:4-7

Altars:
Hepliaklqana
Trog
Uskayaw

Shops:
D:5 [

Annotations:
D:2 exclusions: moth of wrath and 1 more exclusion
D:5 Eustachio, Grinder


Innate Abilities, Weirdness & Mutations

You cannot wear boots.
Your serpentine skin is tough. (AC +2)
You have supernaturally acute eyesight. (SInv)
Armour fits poorly on your strangely shaped body.
Your system is resistant to poisons. (rPois)
You cover ground very slowly.
You have a slow metabolism.
You can spit poison.
Your life essence is reduced to manifest your ancestor. (-10% HP)


Message History

Aim: a centaur, wielding a +0 shortbow (heavily wounded)
You shoot a bolt. The bolt barely misses the centaur.
The bolt hits the river rat!
The river rat is severely wounded.
The centaur shoots an arrow.
The arrow hits you!
The centaur shoots an arrow.
The arrow hits you!
* * * LOW HITPOINT WARNING * * *
Firing (i - inventory. (/) - cycle)
c - 18 bolts (quivered)
Press: ? - help, Shift-Dir - straight line, f/p - centaur
Aim: a centaur, wielding a +0 shortbow (heavily wounded)
You shoot a bolt. The bolt hits the centaur!
The centaur is almost dead.
The centaur shoots an arrow.
The arrow barely misses you.
The centaur shoots an arrow.
The arrow hits you!
* * * LOW HITPOINT WARNING * * *
Unknown command.
Okay, then.
Okay, then.
The centaur shoots an arrow.
The arrow hits you!
You die...

#####.#...##
.ยง.........
##>##...#....
...#...(@(.
........%r#
####... .# #5#
...#.##.##.#c#
#####.........#(#
....cw.....# #@#
#.# #(# ##.## #.#
#...######.#
#..^......(#
#...########
##.#.## ##.###.##
######.## ##[##


You could see Eustachio, a centaur, a quasit and a quokka.

Vanquished Creatures
  A centaur (D:5)
  A bullfrog zombie (D:5)
  A hound (D:3)
  2 jellies
  A bullfrog skeleton (D:4)
  3 worker ants
  2 adders
  2 worms
  3 dart slugs
  4 leopard geckos
  7 orcs
  9 bats
  9 giant cockroaches
  8 goblins
  6 hobgoblins
  2 quokkas
  A ball python (D:2)
  A frilled lizard (D:3)
  4 kobolds
  12 rats
79 creatures vanquished.

Vanquished Creatures (collateral kills)
  A centaur skeleton (D:4)
  A worker ant (D:4)
  An orc (D:4)
  A goblin (D:4)
4 creatures vanquished.

Vanquished Creatures (others)
  2 ancestors (D:5)
2 creatures vanquished.

Grand Total: 85 creatures vanquished

Notes
Turn   | Place    | Note
-------+----------+-------------------------------------------
     0 | D:1      | wullow the Naga Wanderer began the quest for the Orb.
     0 | D:1      | wullow set off with the following items: a +2 spear, a +0
                  | hand crossbow, 26 bolts, a +0 robe, a ration; and the
                  | following spell memorised: Sandblast; and the following
                  | spells available to memorise: Stone Arrow
     0 | D:1      | Reached XP level 1. HP: 19/19 MP: 2/2
   337 | D:1      | Reached skill level 1 in Stealth
   337 | D:1      | Reached XP level 2. HP: 25/26 MP: 3/3
   603 | D:1      | Reached skill level 1 in Crossbows
   709 | D:1      | Reached XP level 3. HP: 32/32 MP: 5/5
  1599 | D:2      | Noticed a moth of wrath
  1602 | D:2      | Found a bloodstained altar of Trog.
  1620 | D:2      | Reached XP level 4. HP: 40/40 MP: 7/7
  1876 | D:3      | Reached skill level 1 in Earth Magic
  2183 | D:3      | Reached XP level 5. HP: 48/48 MP: 8/8
  3009 | D:4      | Found a hazy altar of Hepliaklqana.
  3018 | D:4      | Became a worshipper of Hepliaklqana the Forgotten
  3204 | D:4      | Reached XP level 6. HP: 50/50 MP: 10/10
  3404 | D:4      | Found a hide-covered altar of Uskayaw.
  3744 | D:4      | Reached * piety under Hepliaklqana
  3803 | D:5      | Entered Level 5 of the Dungeon
  3938 | D:5      | Found Ului's Armour Shoppe.
  3988 | D:5      | Reached skill level 1 in Shields
  3988 | D:5      | Reached XP level 7. HP: 12/55 MP: 11/11
  4248 | D:5      | Noticed Eustachio
  4272 | D:5      | Noticed Grinder
  4279 | D:5      | HP: 1/55 [centaur/arrow (14)]
  4280 | D:5      | Shot with an arrow by a centaur

Levels and vault maps discovered:
D:1:      saegor_arrival_simple_a, layout_loops_ring, minmay_door_square,
          minivault_25, lemuel_old_faithful
D:2:      layout_basic, tgw_trog
D:3:      layout_basic
D:4:      kennysheep_the_goblin_king, layout_loops_ring, marbit_many_paths,
          old_standard_altar, serial_bayou, serial_bayou_pond_b,
          serial_bayou_pond_c, serial_bayou_pond_e, serial_bayou_lagoon_b
D:5:      minmay_diamond_boxcup, layout_loops_ring, overflow_temple_1_default,
          nicolae_overflow_crystal_walls, minmay_temple_entry_sparse_star,
          serial_shops, nicolae_shop_waterfront, first_ration,
          kennysheep_generic_room_7, uniq_ijyb, uniq_eustachio, uniq_grinder

Skill      XL: |  1  2  3  4  5  6 |
---------------+-------------------+-----
Stealth        | 1 2 3 4 |  4.3
Crossbows      | 1 2 |  2.7
Spellcasting   | 2 3 |  3.0
Earth Magic    | 1 2 |  2.5
Fighting       | 3 |  3.5
Shields        | 1 |  1.2
Throwing       | |  1.7
Armour         | |  1.0
Transmutations | |  1.0
Poison Magic   | |  4.0

Action                   |  1- 3 |  4- 6 |  7- 9 || total
-------------------------+-------+-------+-------++-------
 Fire: Hand crossbow     |    77 |   132 |     3 ||   212
Invok: Ancestor Identity |       |     1 |       ||     1
 Abil: Spit Poison       |     2 |     8 |       ||    10
  Use: Scroll            |       |     4 |       ||     4
  Eat: Chunk             |     1 |     7 |     1 ||     9
Armor: Robe              |     9 |    29 |     2 ||    40
Dodge: Dodged            |    14 |    38 |     4 ||    56
Block: Shield            |       |     7 |       ||     7
